 Dungeon Sprint DCSS version 0.27-a0-1105-g946c659c87 (webtiles) character file.

Game seed: 14727113456632039233

5842 mhtbhm the Scorcher (level 10, 0/50 HPs)
             Began as a Deep Elf Fire Elementalist on Apr 30, 2021.
             Was the Champion of Vehumet.
             Slain by Lesm the pandemonium lord (24 damage)
             ... in the Dungeon (Sprint V: "Ziggurat Sprint").
             The game lasted 00:04:10 (634 turns).

mhtbhm the Scorcher (Deep Elf Fire Elementalist)     Turns: 634, Time: 00:04:10

Health: 0/50       AC:  3    Str:  5    XL:     10   Next: 51%
Magic:  11/31      EV: 17    Int: 36    God:    Vehumet [******]
Gold:   0          SH:  8    Dex: 15    Spells: 24/40 levels left

rFire    + . .     SeeInvis +   C - +8 lance "Wyrmbane" {slay drac, rPois rF+ rC+ AC+3}
rCold    + . .     Faith    .   w - +3 buckler of the Blind Marksman {rElec rPois SInv}
rNeg     + . .     Spirit   .   a - +2 robe {Will+}
rPois    +         Reflect  .   (no helmet)
rElec    +         Harm     .   (no cloak)
rCorr    .         Rampage  .   (no gloves)
Will     +++++     Clarity  +   (no boots) Stlth +++.......NoTele +
                                r - amulet of the Four Winds {rN+ Will+++ Clar}
HPRegen  0.16/turn              u - +6 ring of intelligence
MPRegen  0.22/turn              v - +6 ring of intelligence

@: corroded, studying Long Blades
A: no striking features
a: Renounce Religion


You were in the Dungeon.
You worshipped Vehumet.
Vehumet was exalted by your worship.
You visited 1 branch

Inventory:

Hand Weapons
 C - the +8 lance "Wyrmbane" (weapon) {slay drac, rPois rF+ rC+ AC+3}
   (You found it in the Dungeon)

   It affects your AC (+3).
   It protects you from fire.
   It protects you from cold.
   It protects you from poison.
Armour
 a - a +2 robe of willpower (worn)
 w - the +3 buckler of the Blind Marksman (worn) {rElec rPois SInv}
   (You found it in the Dungeon)

   It insulates you from electricity.
   It protects you from poison.
   It lets you see invisible.
 E - the +0 pair of boots of Bael {Harm rPois Str-2 Stlth+}
   (You found it in the Dungeon)

   It affects your strength (-2).
   It protects you from poison.
   It increases damage dealt and taken.
   It makes you more stealthy.
Jewellery
 r - the amulet of the Four Winds (around neck) {rN+ Will+++ Clar}
   (You found it in the Dungeon)

   [amulet of nothing]

   It protects you from negative energy.
   It protects you against confusion.
   It greatly increases your willpower.
 u - a +6 ring of intelligence (left hand)
 v - a +6 ring of intelligence (right hand)
 x - the amulet of the Air {Inacc Fly rElec EV+5 RMsl}
   (You found it in the Dungeon)

   [amulet of nothing]

   It affects your evasion (+5).
   It insulates you from electricity.
   It grants you flight.
   It protects you from missiles.
Wands
 y - a wand of mindburst (5)
 z - a wand of iceblast (7)
 A - a wand of acid (4)
Scrolls
 h - a scroll of blinking
 m - 4 scrolls of amnesia
 n - 7 scrolls of fog
 o - a scroll of holy word
 p - 5 scrolls of identify
 q - 2 scrolls of fear
 s - 4 scrolls of brand weapon
Potions
 b - 2 potions of brilliance
 c - 10 potions of curing
 d - 14 potions of heal wounds
 e - 6 potions of haste
 f - 6 potions of magic
 g - 3 potions of berserk rage
 i - 2 potions of invisibility
 j - 4 potions of resistance
 k - a potion of experience
 l - 5 potions of might
Miscellaneous
 t - a box of beasts
 B - a lightning rod (4/4)
 D - a condenser vane
 F - a phantom mirror
 G - a tin of tremorstones (2/2)


   Skills:
 + Level 10.3 Dodging
 - Level 5.1 Stealth
 - Level 4.0 Shields
 + Level 15.7 Spellcasting
 + Level 8.9 Conjurations
 + Level 17.3 Fire Magic
 + Level 7.1 Evocations


You had 24 spell levels left.
You knew the following spells:

 Your Spells              Type           Power      Damage    Failure   Level
a - Foxfire               Conj/Fire      100%       2x1d9     0%          1
b - Conjure Flame         Conj/Fire      89%        6-21      0%          3
c - Inner Flame           Hex/Fire       74%        N/A       1%          3
d - Sticky Flame          Conj/Fire      89%        2d10      1%          4
e - Fireball              Conj/Fire      44%        3d18      1%          5

Your spell library contained the following spells:

 Spells                   Type           Power      Damage    Failure   Level
 Mephitic Cloud           Conj/Pois/Air  49%        N/A       1%          3
 Apportation              Tloc           56%        N/A       1%          1
 Corpse Rot               Necr/Air       N/A        N/A       1%          2
 Ensorcelled Hibernation  Hex/Ice        56%        N/A       1%          2
 Poisonous Vapours        Pois/Air       56%        N/A       1%          2
 Static Discharge         Conj/Air       57%        N/A       1%          2
 Stone Arrow              Conj/Erth      100%       3d13      1%          3
 Gell's Gravitas          Tloc           14%        N/A       3%          3
 Lesser Beckoning         Tloc           14%        N/A       3%          3
 Swiftness                Air            28%        N/A       3%          3
 Tukima's Dance           Hex            28%        N/A       3%          3
 Animate Armour           Summ/Erth      56%        N/A       13%         4
 Alistair's Intoxication  Tmut/Pois      18%        N/A       34%         5
 Borgnjor's Vile Clutch   Necr/Erth      14%        N/A       34%         5
 Hydra Form               Tmut           14%        N/A       34%         5
 Silence                  Hex/Air        14%        N/A       34%         5
 Summon Forest            Summ/Tloc      14%        N/A       34%         5
 Eringya's Noxious Bog    Tmut/Pois      14%        N/A       43%         6
 Invisibility             Hex            28%        N/A       89%         6
 Shadow Creatures         Summ           N/A        N/A       89%         6
 Dragon Form              Tmut           14%        N/A       100%        7
 Malign Gateway           Summ/Tloc      14%        N/A       100%        7
 Summon Hydra             Summ           14%        N/A       100%        7
 Tornado                  Air            14%        N/A       100%        9


Dungeon Overview and Level Annotations

Branches:
Dungeon (1/1)

Altars:
Ashenzari
Cheibriados
Dithmenos
Elyvilon
Fedhas
Gozag
Hepliaklqana
Kikubaaqudgha
Makhleb
Nemelex Xobeh
Okawaru
Qazlal
Ru
Sif Muna
Trog
Uskayaw
Vehumet
Wu Jian
Xom
Yredelemnul
Zin
The Shining One
Beogh
Jiyva
Lugonu

Annotations:
D 1 transporter


Message History

Casting: Fireball (safe; 1% risk of failure)
Confirm with . or Enter, or press ? or * to list all spells.
Aiming: Fireball (safe; 1% risk of failure)
Press: ? - help, Shift-Dir - straight line, f/p - Hueras
Aim: Hueras (almost dead)
The fireball explodes!
The fireball engulfs Hueras!
Hueras resists.
You kill Hueras!
Vehumet accepts your kill.
You feel your power returning.
You hear a sizzling sound!
Your condenser vane has recharged.
Training target 4.0 for Shields reached!
Your Dodging skill increases to level 10!
Your Shields skill gained 2 levels and is now at level 4!
Your Spellcasting skill gained 2 levels and is now at level 15!
Your Conjurations skill gained 2 levels and is now at level 8!
Your Fire Magic skill increases to level 17!
Your Evocations skill gained 2 levels and is now at level 7!
You have reached level 10!
Unknown command.
Casting: Fireball (safe; 1% risk of failure)
Confirm with . or Enter, or press ? or * to list all spells.
Aiming: Fireball (safe; 1% risk of failure)
Press: ? - help, Shift-Dir - straight line, f - Lesm
Aim: Lesm (severely wounded)
The fireball explodes!
The fireball engulfs Lesm!!
Lesm is severely wounded.
Lesm sneers, "Get thee gone, thou dankish limp-willed prigger-of-prances!"
Unknown command.
Unknown command.
Unknown command.
Casting: Fireball (safe; 1% risk of failure)
Confirm with . or Enter, or press ? or * to list all spells.
Aiming: Fireball (safe; 1% risk of failure)
Press: ? - help, Shift-Dir - straight line, f/p - Lesm
Aim: Lesm (severely wounded)
The fireball explodes!
The fireball engulfs Lesm!!!
Lesm is almost dead.
Lesm hits you!!
You die...

....)....▓.......▓
.........▓...[...▓
.........▓.......▓
.........▓.......▓
.........▓.▓...▓.▓
....©....▓...©...▓
▓▓▓▓▓▓▓▓▓▓▓▓▓▓▓▓▓▓
..8©8...▓
▓..○:○☼§.@▓
▓...=:)=&.▓
▓.........▓
▓...).....▓
▓...§§§§..▓
▓....§.§..▓
▓.▓.§§§§▓.▓
▓....©....▓
▓▓▓▓▓▓▓▓▓▓▓


You could see Lesm.

Vanquished Creatures
  A pandemonium lord (D)
  3 black mambas (D)
  A tarantella (D)
  A ynoxinul (D)
  A fire bat (D)
  A chaos spawn (D)
  A neqoxec (D)
  A water moccasin (D)
  2 black bears (D)
  A necrophage (D)
  A wolf (D)
  A scorpion (D)
  A crimson imp (D)
  6 quasits (D)
  7 orc priests (D)
  3 iron imps (D)
  2 orc wizards (D)
  A shadow imp (D)
  2 white imps (D)
  An ufetubus (D)
  2 adder skeletons (D)
  3 orcs (D)
  2 ball pythons (D)
  A bat skeleton (D)
  2 ball python zombies (D)
  2 jackal skeletons (D)
  A quokka skeleton (D)
51 creatures vanquished.

Vanquished Creatures (others)
  A red devil (D)
  A chaos spawn (D)
2 creatures vanquished.

Grand Total: 53 creatures vanquished

Notes
Turn   | Place    | Note
-------+----------+-------------------------------------------
     0 | D        | mhtbhm the Deep Elf Fire Elementalist began the quest for
                  | the Orb.
     0 | D        | Reached XP level 1. HP: 10/10 MP: 6/6
     0 | D        | Found a shimmering blue altar of Sif Muna.
     0 | D        | Found a bloodstained altar of Trog.
     0 | D        | Found a sacrificial altar of Ru.
     0 | D        | Found a stormy altar of Qazlal.
     0 | D        | Found an iron altar of Okawaru.
     1 | D        | Found a sparkling altar of Nemelex Xobeh.
     1 | D        | Found a blossoming altar of Fedhas.
     2 | D        | Found the +6 Majin-Bo {vamp, MP+6 Int+6}
     2 | D        | Found the +9 heavy crossbow "Sniper" {vorpal, Acc+∞ SInv}
     2 | D        | Found the +10 dark maul {vorpal}
     2 | D        | Found the +15 Maxwell's patent armour {-Cast -Tele rElec
                  | Will+ rCorr}
     2 | D        | Found the +18 shield of the Gong {rElec rN+ Will+ EV-5}
     2 | D        | Found the +14 obsidian axe {vorpal, Drain Fly SInv}
     2 | D        | Found the +7 great mace "Firestarter" {inner flame, rF++}
     2 | D        | Found the +6 shillelagh "Devastator" {shatter}
     2 | D        | Found the +11 plutonium sword {Contam Stlth-}
     2 | D        | Found the +8 lance "Wyrmbane" {slay drac, rPois rF+ rC+
                  | AC+3}
     2 | D        | Found the +9 sword of Zonguldrok {reap}
     2 | D        | Found the +13 scythe of Curses {drain, Drain}
     2 | D        | Found the +5 sword of Power {vorpal}
     2 | D        | Found the +7 mace of Variability {chain chaos}
     2 | D        | Found the +7 Singing Sword {vorpal, sonic wave}
     2 | D        | Found the +8 storm bow {elec, penet}
     3 | D        | Found a transporter.
     3 | D        | Found an ancient bone altar of Kikubaaqudgha.
     3 | D        | Found a viscous altar of Jiyva.
     3 | D        | Found a corrupted altar of Lugonu.
     3 | D        | Found a hazy altar of Hepliaklqana.
     3 | D        | Found a burning altar of Makhleb.
     3 | D        | Found an opulent altar of Gozag.
    42 | D        | Became a worshipper of Vehumet
    55 | D        | Entered arena 2.
    55 | D        | Noticed a scorpion
    55 | D        | Noticed a tarantella
    55 | D        | Found a transporter.
    57 | D        | Killed a tarantella
    58 | D        | Reached skill level 5 in Dodging
    58 | D        | Reached skill level 9 in Fire Magic
    58 | D        | Reached XP level 2. HP: 8/15 MP: 6/11
    58 | D        | Reached XP level 3. HP: 10/19 MP: 7/13
    58 | D        | Reached XP level 4. HP: 13/24 MP: 7/14
    58 | D        | Reached XP level 5. HP: 15/28 MP: 8/16
    60 | D        | Reached skill level 5 in Stealth
    60 | D        | Reached skill level 10 in Fire Magic
    60 | D        | Reached skill level 1 in Evocations
   196 | D        | Learned a level 3 spell: Conjure Flame
   200 | D        | Learned a level 3 spell: Inner Flame
   205 | D        | Learned a level 4 spell: Sticky Flame
   211 | D        | Learned a level 5 spell: Fireball
   211 | D        | Entered arena 3.
   211 | D        | Noticed a black bear
   211 | D        | Noticed a wolf
   211 | D        | Noticed a black bear
   211 | D        | Found a transporter.
   212 | D        | Found the amulet of the Four Winds {rN+ Will+++ Clar}
   213 | D        | Killed a wolf
   213 | D        | Reached * piety under Vehumet
   213 | D        | Offered knowledge of Sandblast by Vehumet.
   213 | D        | Killed a black bear
   213 | D        | Killed a black bear
   214 | D        | Reached skill level 12 in Fire Magic
   214 | D        | Reached XP level 6. HP: 32/32 MP: 10/20
   272 | D        | Entered arena 4.
   272 | D        | Found a transporter.
   273 | D        | Reached ** piety under Vehumet
   275 | D        | Reached XP level 7. HP: 36/36 MP: 18/22
   279 | D        | Got the Papyrus of Moulding and Orientation
   296 | D        | Entered arena 5.
   296 | D        | Found a transporter.
   297 | D        | Reached *** piety under Vehumet
   299 | D        | Reached skill level 10 in Spellcasting
   343 | D        | Entered arena 6.
   343 | D        | Found a transporter.
   344 | D        | Reached **** piety under Vehumet
   345 | D        | Reached skill level 13 in Fire Magic
   346 | D        | Reached ***** piety under Vehumet
   354 | D        | Got the Volume of Shifting Lightness
   409 | D        | Entered arena 7.
   409 | D        | Noticed a black mamba
   409 | D        | Noticed a black mamba
   409 | D        | Noticed a black mamba
   410 | D        | Offered knowledge of Freeze by Vehumet.
   411 | D        | Killed a black mamba
   411 | D        | Killed a black mamba
   412 | D        | Reached skill level 14 in Fire Magic
   412 | D        | Reached XP level 8. HP: 41/41 MP: 17/25
   413 | D        | Killed a black mamba
   414 | D        | Reached skill level 5 in Conjurations
   414 | D        | Reached skill level 15 in Fire Magic
   414 | D        | Found a transporter.
   422 | D        | Got the Tome of Shape Shifting and Air
   498 | D        | Entered arena 8.
   501 | D        | Reached XP level 9. HP: 45/45 MP: 27/27
   502 | D        | Reached ****** piety under Vehumet
   507 | D        | Found a transporter.
   548 | D        | Got the +3 buckler of the Blind Marksman {rElec rPois SInv}
   556 | D        | Entered arena 9.
   557 | D        | Found the amulet of the Air {Inacc Fly rElec EV+5 RMsl}
   557 | D        | Offered knowledge of Mephitic Cloud by Vehumet.
   560 | D        | Found a transporter.
   578 | D        | Got the +0 pair of boots of Bael {Harm rPois Str-2 Stlth+}
   580 | D        | Entered arena 10.
   583 | D        | Reached skill level 1 in Shields
   583 | D        | Found a transporter.
   617 | D        | Entered arena 11.
   617 | D        | Noticed Lesm the pandemonium lord
   617 | D        | Noticed Hueras the pandemonium lord
   617 | D        | Noticed a red devil
   618 | D        | Found the +8 longbow "Zephyr" {speed, Dex+3 SInv}
   619 | D        | Reached skill level 5 in Evocations
   621 | D        | Reached skill level 16 in Fire Magic
   622 | D        | Found a transporter.
   622 | D        | Killed a red devil
   632 | D        | Killed Hueras the pandemonium lord
   633 | D        | Reached skill level 10 in Dodging
   633 | D        | Reached skill level 15 in Spellcasting
   633 | D        | Reached skill level 17 in Fire Magic
   633 | D        | Reached XP level 10. HP: 24/50 MP: 21/31
   634 | D        | Slain by Lesm the pandemonium lord

Illustrated notes

Levels and vault maps discovered:
D:        sprint_v [room_start, room_1, room_2, room_3, room_4, room_5, room_6,
          room_7, room_8, room_9, room_10, room_11, room_12, room_13, room_14,
          room_15, room_16, room_17, room_18, room_19, room_20, room_21,
          room_22, room_23, room_24, room_25, room_26, room_27]

Skill      XL: |  1  2  3  4  5  6  7  8  9 |
---------------+----------------------------+-----
Dodging        | 5 6 7 8 9 10 | 10.3
Stealth        | 4 5 |  5.1
Spellcasting   | 6 9 11 12 15 | 15.7
Fire Magic     | 9 12 14 15 17 | 17.3
Evocations     | 2 3 4 7 |  7.1
Conjurations   | 2 4 5 8 |  8.9
Shields        | 4 |  4.0

Action                   |  1- 3 |  4- 6 |  7- 9 | 10-12 || total
-------------------------+-------+-------+-------+-------++-------
 Cast: Fireball          |       |     3 |    25 |     2 ||    30
Evoke: Wand              |     2 |     3 |       |       ||     5
       Lightning rod     |       |       |     6 |       ||     6
       Condenser vane    |       |       |     2 |       ||     2
  Use: Scroll            |       |       |     3 |       ||     3
       Potion            |       |       |     1 |       ||     1
Dodge: Dodged            |       |     1 |     2 |       ||     3

Table legend: (Time is in decaauts)
 A = Elapsed time spent in this place.
 B = Non-inter-level travel time spent in this place.
 C = Inter-level travel time spent in this place.
 D = Time resting spent in this place.
 E = Time spent auto-exploring this place.
 F = Levels seen in this place.
 G = Mean time per level.
                   A        B        C        D        E       F      G
               +--------+--------+--------+--------+--------+-----+--------+
         Total |    632 |    632 |      0 |    343 |      0 |   1 |  632.0 |
       Dungeon |    632 |    632 |      0 |    343 |      0 |   1 |  632.0 |
               +--------+--------+--------+--------+--------+-----+--------+

Top non-repeatable levels by time:
       D: 632 daAuts
